 Dungeon Crawl Stone Soup version 0.31-a0-177-g4aa6249778 (webtiles) character file.

Game seed: 2073539245688573385

29 qw the Shooter (level 3, 0/32 HPs)
             Began as a Naga Hunter on June 18, 2023.
             Slain by a goblin
             ... wielding a +0 dagger
             ... led by Robin
              (4 damage)
             ... on level 2 of the Dungeon.
             The game lasted 00:00:12 (622 turns).

qw the Shooter (Naga Hunter)                         Turns: 622, Time: 00:00:13

Health: 0/32       AC:  2    Str: 13    XL:     3   Next: 16%
Magic:  3/3        EV:  9    Int:  9    God:
Gold:   71         SH:  0    Dex: 16    Spells: 2/2 levels left

rFire   . . .        Y - +0 shortbow
rCold   + . .        (shield currently unavailable)
rNeg    . . .        c - +0 leather armour
rPois   +            (no helmet)
rElec   .            (no cloak)
rCorr   .            (no gloves)
SInv    +            (no barding)
Will    .....        (no amulet)
Stlth   ++           g - ring of protection from cold
HPRegen 0.25/turn    (no ring)
MPRegen 0.08/turn

%: no passive effects
@: short of breath, weak-willed, very slow
A: AC +1, large, see invisible, deformed body, poison resistance, slowness 2,
spit poison 1, naga tail 1
a: Spit Poison


You were on level 2 of the Dungeon.
You visited 1 branch of the dungeon, and saw 2 of its levels.

You collected 71 gold pieces.


Innate Abilities, Weirdness & Mutations

Your serpentine skin is tough. (AC +1)
You have supernaturally acute eyesight. (SInv)
Armour fits poorly on your strangely shaped body.
Your system is resistant to poisons. (rPois)
You cover ground very slowly.
You can spit poison.
You have a snake-like lower body.


   Skills:
 - Level 2.0 Fighting
 + Level 4.5 Ranged Weapons
 - Level 1.5 Dodging
 - Level 1.5 Stealth


You had 2 spell levels left.
You didn't know any spells.
Your spell library was empty.

Inventory:

Hand Weapons
 Y - a +0 shortbow (weapon)
Armour
 c - a +0 leather armour (worn)
Jewellery
 g - a ring of protection from cold (left hand)
Potions
 d - a potion of lignification {unknown}
 f - a potion of heal wounds {unknown}
 h - a potion of ambrosia {unknown}

Dungeon Overview and Level Annotations

Branches:
Dungeon (2/15)

Altars:


Message History

You kill the goblin!
The goblin hits you but does no damage. The goblin hits you with a +0 dagger.
You shoot an arrow. The arrow hits Robin.
Robin is almost dead.
The hobgoblin completely misses you. The goblin hits you with a +0 dagger.
The goblin closely misses you.
Robin hits you with a +2 short sword of speed.
You shoot an arrow. The arrow hits Robin.
Robin is almost dead.
Robin throws the goblin at you! The hobgoblin barely misses you.
The goblin misses you. The goblin hits you with a +0 dagger.
The goblin barely misses you. x2
Robin hits you with a +2 short sword of speed.
You shoot an arrow. The arrow hits Robin.
You kill Robin!
The goblin hits you but does no damage. The hobgoblin barely misses you.
The goblin completely misses you. The goblin barely misses you.
The goblin closely misses you.
You have reached level 3!
Your experience leads to an increase in your attributes!
Increase (S)trength, (I)ntelligence, or (D)exterity?
You feel agile. x2; Your skin feels tougher.
You shoot an arrow. The arrow hits the goblin!
You kill the goblin!
You have got your breath back.
The goblin closely misses you. The hobgoblin closely misses you.
The goblin hits you but does no damage. x2; The goblin barely misses you.
The goblin hits you but does no damage. The goblin hits you with a +0 dagger.
The goblin closely misses you. The hobgoblin misses you.
The goblin hits you but does no damage. The goblin barely misses you.
The goblin hits you with a +0 dagger.
622 ||| INVOKING Spit Poison.
Aiming: Spit Poison (2% risk of failure)
Press: ? - help, Shift-Dir - straight line, f - hobgoblin The splash of poison hits the hobgoblin!
The hobgoblin is poisoned.
You kill the hobgoblin!
The goblin hits you but does no damage. The goblin hits you with a +0 dagger.
The goblin closely misses you. The goblin hits you with a +0 dagger.
You die...

###########
#########..........###.#
......................
...............g.).###.#
........... #g@).)...#
...............ggg......
.......................#
###.##..................
#.....................
..........#.............
##........#....#########
.....#...#....
#.$...#...#


You could see 5 goblins.

Vanquished Creatures
  Robin (D:2)
  2 endoplasms (D:1)
  5 hobgoblins
  A ball python (D:1)
  A bat (D:1)
  A frilled lizard (D:1)
  5 goblins
  A kobold (D:1)
  3 rats (D:1)
20 creatures vanquished.

Notes
Turn   | Place    | Note
-------+----------+-------------------------------------------
     0 | D:1      | qw the Naga Hunter began the quest for the Orb.
     0 | D:1      | Reached XP level 1. HP: 19/19 MP: 1/1
     0 | D:1      | 0 ||| qw: Version: 0.3-a-7-ge0c9b40
     0 | D:1      | 0 ||| qw: Game counter: 748
     0 | D:1      | 0 ||| qw: Always use a shield: true
     0 | D:1      | 0 ||| qw: God list: Okawaru
     0 | D:1      | 0 ||| qw: Allow faded altars: false
     0 | D:1      | 0 ||| qw: Do Orc after D:15 true
     0 | D:1      | 0 ||| qw: Do second Lair branch before Depths: true
     0 | D:1      | 0 ||| qw: Lair rune preference: random
     0 | D:1      | 0 ||| qw: Plans: Normal
     0 | D:1      | 0 ||| PLANNING D:1-11
    11 | D:1      | 11 ||| INVOKING Spit Poison.
    51 | D:1      | 51 ||| INVOKING Spit Poison.
    56 | D:1      | 56 ||| INVOKING Spit Poison.
   113 | D:1      | 113 ||| INVOKING Spit Poison.
   250 | D:1      | Reached skill level 4 in Ranged Weapons
   250 | D:1      | Reached XP level 2. HP: 26/26 MP: 2/2
   274 | D:1      | 274 ||| INVOKING Spit Poison.
   363 | D:1      | 363 ||| INVOKING Spit Poison.
   384 | D:1      | 384 ||| INVOKING Spit Poison.
   419 | D:1      | 419 ||| INVOKING Spit Poison.
   587 | D:1      | 587 ||| UPGRADING to ring of protection from cold.
   588 | D:1      | 588 ||| READING scroll labelled PETZO BUGUAQ.
   589 | D:1      | 589 ||| READING scroll labelled EVVESM JOLY.
   590 | D:1      | 590 ||| DROPPING scroll of butterflies.
   611 | D:2      | 611 ||| INVOKING Spit Poison.
   613 | D:2      | Noticed Robin
   616 | D:2      | 616 ||| INVOKING Spit Poison.
   620 | D:2      | Killed Robin
   621 | D:2      | Reached XP level 3. HP: 9/32 MP: 3/3
   621 | D:2      | HP: 6/32 [goblin/+0 dagger[Robin] (4)]
   622 | D:2      | 622 ||| INVOKING Spit Poison.
   622 | D:2      | Slain by a goblin

Levels and vault maps discovered:
D:1:      evilmike_arrival_plus, layout_loops_ring, item_on_display_a
D:2:      layout_basic, basic_altar, uniq_sigmund, uniq_robin

Skill      XL: |  1 |
---------------+----+-----
Ranged Weapons | 4 |  4.5
Fighting       | |  2.0
Dodging        | |  1.5
Stealth        | |  1.5

Action                     || total
---------------------------++-------
   Fire: Shortbow          ||    28
Ability: Spit Poison       ||    11
    Use: Scroll            ||     2
 Armour: Leather armour    ||     9
  Dodge: Dodged            ||    20

Table legend:
 A = Non-vault XP
 B = Vault XP
 C = Vault XP percentage of total XP
 D = Non-vault monster count
 E = Vault monster count
 F = Vault count percentage of total count
                 A         B        C        D         E       F
            +---------+---------+-------+---------+---------+-------
      Total |      20 |      24 |  54.5 |      14 |       6 |  30.0
            +---------+---------+-------+---------+---------+-------
        D:1 |      18 |       0 |   0.0 |      13 |       0 |   0.0
        D:2 |       2 |      24 |  92.3 |       1 |       6 |  85.7
            +---------+---------+-------+---------+---------+-------
